 Dungeon Crawl Stone Soup version 0.31-a0-640-g39d97e502b (webtiles) character file.

Game seed: 6713794989722044944

877 RepHenryClay the Basher (level 7, 0/58 HPs)
             Began as a Minotaur Cinder Acolyte on Aug 27, 2023.
             Was an Elder of Ignis.
             Slain by Pikel
             ... wielding a +1 whip of electrocution
              (13 damage)
             ... on level 5 of the Dungeon on Aug 28, 2023.
             The game lasted 00:06:42 (3675 turns).

RepHenryClay the Basher (Minotaur Cinder Acolyte)   Turns: 3675, Time: 00:06:42

Health: 0/58       AC: 14    Str: 18 (20) XL:     7   Next: 75%
Magic:  7/7        EV:  9    Int:  9 (11) God:    Ignis [****..]
Gold:   197        SH:  0    Dex:  4 (6)  Spells: 8/8 levels left

rFire   + + .        a - -1 mace (flame)
rCold   + . .        (no shield)
rNeg    . . .        A - +0 scale mail
rPois   .            (helmet restricted)
rElec   .            (no cloak)
rCorr   .            (no gloves)
SInv    .            (no boots)
Will    .....        f - amulet of the acrobat Stlth
                     l - ring of protection from fire
HPRegen 0.29/turn    k - ring of protection from cold
MPRegen 0.10/turn

%: acrobat
@: fiery-armoured
A: horns 2, retaliatory headbutt
a: Renounce Religion, Fiery Armour, Foxfire Swarm, Rising Flame


You were on level 5 of the Dungeon.
You worshipped Ignis.
Ignis was greatly pleased with you.
You visited 1 branch of the dungeon, and saw 5 of its levels.

You collected 197 gold pieces.

Inventory:

Hand Weapons
 a - a -1 mace of flaming (weapon)
 z - a +0 falchion of venom
Missiles
 d - 2 datura-tipped darts
 j - 6 poisoned darts
 w - 2 throwing nets
Armour
 y - a +0 scale mail
 A - a +0 scale mail (worn)
Jewellery
 f - an amulet of the acrobat (around neck)
 k - a ring of protection from cold (right hand)
 l - a ring of protection from fire (left hand)
 B - a ring of protection from cold
Wands
 e - a wand of digging (1)
 x - a wand of iceblast (3)
Scrolls
 b - 3 scrolls of silence {unknown}
 g - a scroll of fear {unknown}
 h - a scroll of enchant weapon {unknown}
 i - a scroll of fog {unknown}
 m - a scroll of teleportation
 o - a scroll of identify {unknown}
 s - 2 scrolls of noise {unknown}
 u - a scroll of amnesia {unknown}
Potions
 c - a potion of cancellation
 q - a potion of brilliance


   Skills:
 - Level 3.6 Fighting
 + Level 9.0 Maces & Flails
 + Level 6.3 Armour
 - Level 1.0 Spellcasting
 - Level 2.2 Fire Magic


You had 8 spell levels left.
You didn't know any spells.
Your spell library contained the following spells:

 Spells                   Type           Power      Damage    Failure   Level
 Scorch                   Fire           8%         2d5       54%         2
 Lesser Beckoning         Tloc           0%         N/A       83%         2
 Gell's Gravitas          Tloc           0%         N/A       97%         3
 Teleport Other           Tloc           0%         N/A       97%         3


Dungeon Overview and Level Annotations

Branches:
Dungeon (5/15)
 Temple: D:4-7

Altars:
Ashenzari
Cheibriados
Elyvilon
Fedhas
Gozag
Hepliaklqana
Kikubaaqudgha
Okawaru
Qazlal
Sif Muna
Trog
Vehumet
Wu Jian
Yredelemnul
The Shining One

Annotations:
D:2 Sigmund
D:5 Dowan, Duvessa, Pikel


Innate Abilities, Weirdness & Mutations

You have a pair of horns on your head.
You reflexively headbutt those who attack you in melee.


Message History

The foxfire hits the lemure.
The lemure is severely wounded.
The foxfire hits the lemure.
The lemure is moderately wounded.
The foxfire hits the lemure.
The lemure is severely wounded.
The foxfire hits the lemure.
The lemure is heavily wounded.
The foxfire hits the lemure but does no damage.
The lemure is severely wounded.
The foxfire hits the lemure but does no damage.
The lemure is heavily wounded.
The foxfire hits the lemure but does no damage.
The lemure is heavily wounded.
The foxfire hits the lemure but does no damage.
The lemure is severely wounded.
The foxfire hits Pikel but does no damage.
Pikel is severely wounded.
The foxfire hits the lemure.
The lemure is almost dead.
The foxfire hits the lemure.
The lemure is heavily wounded.
Pikel hits you with a +1 whip of electrocution.
* * * LOW HITPOINT WARNING * * *
Pikel is burned by your cloak of flames.
Pikel is almost dead.
The lemure hits you but does no damage.
The lemure is burned by your cloak of flames.
You kill the lemure!
That felt strangely unrewarding.
Unknown command.
Damage: -6%(-3hp) hp: 26%(15hp) Unknown command.
You closely miss Pikel.
Pikel is almost dead.
Pikel hits you with a +1 whip of electrocution.
* * * LOW HITPOINT WARNING * * *
You are electrocuted!
You die...
Pikel says, "See you in Hell!"

#........# #.(......#
#........# #........#
#........# #...§..<.#
#§§§§§...# #...§§...#
#..@.§...# #
####5K5.§.### ..
#.......§.#
#.##########......§..#
#..#.........†.......#
....<####...#'#......#
##........###.##.#####
.....###...#...#.#
.##........#._.#.#


You could see Pikel and 2 lemures.

Vanquished Creatures
  Grinder (D:4)
  Eustachio (D:4)
  2 lemures (D:5)
  A scorpion (D:4)
  A howler monkey (D:4)
  2 vampire bats (D:3)
  3 iguanas
  Natasha (twice) (D:2)
  2 orc wizards (D:4)
  5 gnolls
  6 adders
  An ufetubus (D:5)
  A worm (D:2)
  3 dart slugs
  7 orcs
  6 endoplasms
  2 giant cockroaches (D:1)
  2 goblins
  9 hobgoblins
  4 jackals (D:1)
  3 kobolds
  A quokka (D:2)
  6 ball pythons
  11 bats
  3 frilled lizards
  8 rats
93 creatures vanquished.

Vanquished Creatures (others)
  41 foxfires (D:5)
41 creatures vanquished.

Grand Total: 134 creatures vanquished

Notes
Turn   | Place    | Note
-------+----------+-------------------------------------------
     0 | D:1      | RepHenryClay the Minotaur Cinder Acolyte began the quest
                  | for the Orb.
     0 | D:1      | Reached XP level 1. HP: 19/19 MP: 1/1
    50 | D:1      | Reached skill level 4 in Maces & Flails
    50 | D:1      | Reached XP level 2. HP: 17/27 MP: 2/2
   308 | D:1      | Found a faded altar of an unknown god.
   359 | D:1      | Reached skill level 5 in Maces & Flails
   359 | D:1      | Reached XP level 3. HP: 31/33 MP: 3/3
   963 | D:2      | Noticed Natasha
   972 | D:2      | Killed Natasha
  1061 | D:2      | Reached XP level 4. HP: 40/40 MP: 4/4
  1265 | D:2      | Noticed Sigmund
  1325 | D:2      | Noticed Natasha
  1332 | D:2      | Killed Natasha
  1576 | D:3      | Reached XP level 5. HP: 34/46 MP: 5/5
  1642 | D:3      | Reached skill level 5 in Armour
  1897 | D:3      | Found an ancient bone altar of Kikubaaqudgha.
  1993 | D:3      | Reached skill level 6 in Maces & Flails
  2107 | D:3      | Found a glowing golden altar of the Shining One.
  2458 | D:4      | Reached XP level 6. HP: 49/52 MP: 6/6
  2606 | D:4      | Found a broken altar of Ashenzari.
  2679 | D:4      | Found a radiant altar of Vehumet.
  2679 | D:4      | Found a basalt altar of Yredelemnul.
  2679 | D:4      | Found a shimmering blue altar of Sif Muna.
  2679 | D:4      | Found an ornate altar of the Wu Jian Council.
  2680 | D:4      | Found a stormy altar of Qazlal.
  2680 | D:4      | Found a hazy altar of Hepliaklqana.
  2681 | D:4      | Found a blossoming altar of Fedhas.
  2682 | D:4      | Found a white marble altar of Elyvilon.
  2682 | D:4      | Found an iron altar of Okawaru.
  2683 | D:4      | Found a snail-covered altar of Cheibriados.
  2866 | D:4      | Noticed Grinder
  2883 | D:4      | Killed Grinder
  2884 | D:4      | Reached skill level 8 in Maces & Flails
  2884 | D:4      | Reached XP level 7. HP: 37/58 MP: 7/7
  3141 | D:4      | Found a bloodstained altar of Trog.
  3387 | D:5      | Entered Level 5 of the Dungeon
  3430 | D:5      | Noticed Eustachio
  3447 | D:4      | Killed Eustachio
  3455 | D:5      | Noticed Duvessa
  3459 | D:5      | Noticed Dowan
  3595 | D:5      | Found an opulent altar of Gozag.
  3612 | D:5      | Reached skill level 9 in Maces & Flails
  3647 | D:5      | Noticed Pikel
  3675 | D:5      | Slain by Pikel

Illustrated notes

Levels and vault maps discovered:
D:1:      onia_arrival_pyramid, layout_basic, hellmonk_ecumenical_altar_zigzags
D:2:      layout_basic, serial_shops, shop, minmay_increasing_density,
          uniq_sigmund, uniq_terence, uniq_natasha
D:3:      layout_basic, nicolae_tso_carved_into_rock, kiku_gazebo_garden_becter,
          roderic_batcave
D:4:      layout_basic, nicolae_overflows_in_rows,
          mainiacjoe_overflow_concentric_impassable,
          cheibrodos_ashenzari_chains, solitary_fountain, uniq_grinder
D:5:      layout_rooms, pdpol_temple_overflow_zin_treasury_gozag_greed,
          minmay_temple_entry_fiery, uniq_eustachio, uniq_duvessa, uniq_pikel

Skill      XL: |  1  2  3  4  5  6  7 |
---------------+----------------------+-----
Maces & Flails | 4 5 6 8 9 |  9.0
Armour         | 2 4 5 6 |  6.3
Fighting       | |  3.6
Spellcasting   | |  1.0
Fire Magic     | |  2.2

Action                     |  1- 3 |  4- 6 |  7- 9 || total
---------------------------+-------+-------+-------++-------
  Melee: Mace              |    65 |   136 |    61 ||   262
         Headbutt          |     7 |    17 |     7 ||    31
         Punch             |       |       |     1 ||     1
  Throw: Throwing net      |       |     1 |       ||     1
 Invoke: Foxfire Swarm     |       |       |     2 ||     2
         Fiery Armour      |       |       |     1 ||     1
    Use: Scroll            |       |     1 |       ||     1
         Potion            |       |       |     9 ||     9
 Armour: Robe              |    15 |       |       ||    15
         Ring mail         |     4 |    50 |       ||    54
         Scale mail        |       |     6 |    33 ||    39
  Dodge: Dodged            |    47 |    87 |    30 ||   164

Table legend: (Time is in decaauts)
 A = Elapsed time spent in this place.
 B = Non-inter-level travel time spent in this place.
 C = Inter-level travel time spent in this place.
 D = Time resting spent in this place.
 E = Time spent auto-exploring this place.
 F = Levels seen in this place.
 G = Mean time per level.
                   A        B        C        D        E       F      G
               +--------+--------+--------+--------+--------+-----+--------+
         Total |   3706 |   3575 |    131 |     74 |   2731 |   5 |  741.2 |
       Dungeon |   3706 |   3575 |    131 |     74 |   2731 |   5 |  741.2 |
               +--------+--------+--------+--------+--------+-----+--------+

Top non-repeatable levels by time:
     D:4: 1099 daAuts
     D:3: 1091 daAuts
     D:1: 780 daAuts
     D:2: 585 daAuts
     D:5: 150 daAuts
